General information
- name: BNet
- type: Ladder team game (AT/RT)
- host: Battle.net
- saver: TIMG4STRok
map: TranquilPaths
- players: 4
- length: 17:42
- speed: Fast
- version: 1.23 W3XP
- replay type:

» download(120 KB)
Players
team 1 (winner)

»
Rush[yyz] (
yellow | 108 APM | 1910 actions | 17:40)
4 Demon Hunter
2 Mana Burn
2 Evasion
2 Keeper of the Grove
1 Entangling Roots
1 Thorns Aura
» actions
| Assign group hotkey | 47 | |
| Basic commands | 121 | |
| Build / train | 59 | |
| Enter build submenu | 19 | |
| Enter hero's abilities submenu | 6 | |
| Give item / drop item | 1 | |
| Remove unit from queue | 3 | |
| Right click | 872 | |
| Select / deselect | 233 | |
| Select group hotkey | 477 | |
| Use ability | 72 | |
1910 total
» units
| Wisp | 17 | |
| Huntress | 5 | |
| Dryad | 4 | |
| Druid of the Claw | 8 | |
34 total
» upgrades
| Druid of the Claw Training | 2 | |
| Abolish Magic | 1 | |
| Mark of the Claw | 0 | |
3 total
» buildings
| Altar of Elders | 1 | |
| Moon Well | 7 | |
| Hunter's Hall | 1 | |
| Ancient of War | 2 | |
| Tree of Ages | 2 | |
| Tree of Life | 3 | |
| Ancient of Lore | 3 | |
| Ancient of Wonders | 1 | |
| Tree of Eternity | 1 | |
21 total
» build order
00:10 Altar of Elders
00:18 Moon Well
01:48 Hunter's Hall
01:49 Ancient of War
01:52 Ancient of War
02:01 Moon Well
03:15 Tree of Ages
03:15 Tree of Ages
03:55 Moon Well
04:17 Tree of Life
05:48 Ancient of Lore
05:50 Ancient of Lore
06:23 Ancient of Wonders
06:35 Tree of Life
09:15 Moon Well
09:16 Moon Well
09:31 Tree of Eternity
10:05 Moon Well
13:32 Moon Well
15:06 Tree of Life
16:29 Ancient of Lore
» items
| Orb of Venom | 1 | |
| Staff of Preservation | 1 | |
| Potion of Healing | 2 | |
| Anti-magic Potion | 2 | |
6 total

»
TIMG4STRok (
red | 139 APM | 2461 actions | 17:42)
4 Archmage
2 Summon Water Elemental
2 Brilliance Aura
4 Mountain King
2 Storm Bolt
2 Bash
» actions
| Assign group hotkey | 31 | |
| Basic commands | 105 | |
| Build / train | 57 | |
| Enter build submenu | 19 | |
| Enter hero's abilities submenu | 8 | |
| Give item / drop item | 1 | |
| Right click | 1077 | |
| Select / deselect | 258 | |
| Select group hotkey | 826 | |
| Use ability | 79 | |
2461 total
» units
| Peasant | 11 | |
| Footman | 5 | |
| Sorceress | 3 | |
| Priest | 3 | |
| Rifleman | 7 | |
| Forest Troll Berserker | 1 | |
| Spell Breaker | 3 | |
33 total
» upgrades
| Defend | 1 | |
| Sorceress Training | 1 | |
| Priest Training | 2 | |
| Long Rifles | 1 | |
| Gunpowder | 2 | |
7 total
» buildings
| Altar of Kings | 1 | |
| Barracks | 1 | |
| Farm | 12 | |
| Scout Tower | 1 | |
| Arcane Tower | 1 | |
| Arcane Vault | 1 | |
| Keep | 1 | |
| Arcane Sanctum | 2 | |
| Castle | 1 | |
| Blacksmith | 1 | |
22 total
» build order
00:06 Altar of Kings
00:12 Barracks
00:20 Farm
00:58 Farm
01:32 Farm
01:58 Scout Tower
02:27 Arcane Tower
02:45 Arcane Vault
03:31 Keep
03:38 Farm
04:25 Farm
05:55 Arcane Sanctum
05:56 Arcane Sanctum
06:04 Farm
06:49 Farm
09:45 Castle
09:56 Blacksmith
09:58 Farm
11:18 Farm
14:04 Farm
14:05 Farm
15:52 Farm
» items
| Scroll of Regeneration | 2 | |
| Scroll of Town Portal | 1 | |
3 total
team 2 (loser)
GhostRidah. (
orange | 110 APM | 1935 actions | 17:37)
4 Death Knight
2 Death Coil
2 Unholy Aura
2 Lich
1 Frost Nova
1 Frost Armor
» actions
| Assign group hotkey | 44 | |
| Basic commands | 116 | |
| Build / train | 51 | |
| Enter build submenu | 12 | |
| Enter hero's abilities submenu | 6 | |
| Give item / drop item | 4 | |
| Remove unit from queue | 4 | |
| Right click | 862 | |
| Select / deselect | 353 | |
| Select group hotkey | 391 | |
| Use ability | 92 | |
1935 total
» units
| Acolyte | 2 | |
| Ghoul | 3 | |
| Crypt Fiend | 11 | |
| Obsidian Statue | 3 | |
| Abomination | 1 | |
20 total
» upgrades
| Burrow | 1 | |
| Creature Attack | 2 | |
| Destroyer Form | 1 | |
| Web | 1 | |
5 total
» buildings
| Crypt | 1 | |
| Graveyard | 1 | |
| Altar of Darkness | 1 | |
| Ziggurat | 5 | |
| Tomb of Relics | 1 | |
| Halls of the Dead | 1 | |
| Nerubian Tower | 1 | |
| Black Citadel | 1 | |
| Slaughterhouse | 1 | |
13 total
» build order
00:05 Crypt
00:07 Graveyard
00:28 Altar of Darkness
00:45 Ziggurat
01:14 Tomb of Relics
01:47 Ziggurat
03:51 Halls of the Dead
03:55 Ziggurat
04:41 Ziggurat
05:48 Nerubian Tower
08:14 Black Citadel
08:18 Slaughterhouse
12:39 Ziggurat
» items
| Rod of Necromancy | 2 | |
| Scroll of Town Portal | 3 | |
| Orb of Corruption | 2 | |
7 total
HoOcKeRs (
green | 119 APM | 2100 actions | 17:40)
4 Demon Hunter
2 Mana Burn
2 Evasion
» actions
| Assign group hotkey | 68 | |
| Basic commands | 115 | |
| Build / train | 64 | |
| ESC pressed | 1 | |
| Enter build submenu | 11 | |
| Enter hero's abilities submenu | 4 | |
| Give item / drop item | 1 | |
| Right click | 715 | |
| Select / deselect | 264 | |
| Select group hotkey | 735 | |
| Use ability | 122 | |
2100 total
» units
| Wisp | 18 | |
| Huntress | 4 | |
| Archer | 1 | |
| Druid of the Claw | 13 | |
36 total
» upgrades
| Druid of the Claw Training | 3 | |
| Mark of the Claw | 1 | |
| Reinforced Hides | 3 | |
| Strength of the Wild | 3 | |
10 total
» buildings
| Altar of Elders | 1 | |
| Moon Well | 5 | |
| Hunter's Hall | 1 | |
| Ancient of War | 1 | |
| Tree of Ages | 1 | |
| Ancient of Wonders | 1 | |
| Ancient of Lore | 2 | |
| Tree of Eternity | 1 | |
13 total
» build order
00:09 Altar of Elders
00:14 Moon Well
01:25 Hunter's Hall
01:43 Ancient of War
02:00 Moon Well
02:45 Tree of Ages
03:48 Moon Well
04:09 Ancient of Wonders
04:12 Moon Well
05:11 Ancient of Lore
05:11 Ancient of Lore
05:36 Tree of Eternity
08:28 Moon Well
» items
| Potion of Healing | 3 | |
| Anti-magic Potion | 2 | |
| Scroll of Town Portal | 1 | |
6 total
Chat log
(00:13 / Allies) Rush[yyz]: nice map
(00:15 / All) GhostRidah.: gg gl hf
(00:24 / All) TIMG4STRok: g/l h/f
(00:34 / Allies) TIMG4STRok: gonna get sorc asap
(00:41 / Allies) Rush[yyz]: k
(00:59 / Allies) Rush[yyz]: gonna do something..
(01:05 / Allies) TIMG4STRok: big bender
(01:07 / Allies) TIMG4STRok: doin thangs
(02:10 / Allies) Rush[yyz]: do they scout
(02:12 / Allies) Rush[yyz]: or what
(02:15 / Allies) TIMG4STRok: idk
(02:19 / Allies) Rush[yyz]: d
(02:22 / Allies) Rush[yyz]: man
(04:36 / Allies) TIMG4STRok: damn
(04:50 / Allies) TIMG4STRok: he got dh
(04:55 / Allies) Rush[yyz]: ya
(06:01 / All) HoOcKeRs: bears coming
(06:04 / All) Rush[yyz]: k
(06:15 / Allies) Rush[yyz]: wanna hit ne
(06:17 / Allies) Rush[yyz]: before bears
(06:18 / Allies) TIMG4STRok: sorc soon
(06:26 / Allies) Rush[yyz]: should i dry
(06:27 / Allies) Rush[yyz]: or bear?
(06:32 / Allies) TIMG4STRok: bear prob
(08:49 / Allies) Rush[yyz]: sec
(08:50 / Allies) Rush[yyz]: no
(08:53 / Allies) Rush[yyz]: let me get bear
(08:55 / Allies) Rush[yyz]: i got expo
(08:58 / Allies) TIMG4STRok: ok
(10:44 / Allies) TIMG4STRok: lets hit before destro
(10:53 / Allies) Rush[yyz]: hit ne or?
(10:55 / Allies) TIMG4STRok: ud
(10:59 / Allies) Rush[yyz]: ud wasted two tps
(12:16 / Allies) Rush[yyz]: u=run
(12:16 / Allies) Rush[yyz]: run
(12:47 / Allies) Rush[yyz]: run
(12:48 / Allies) Rush[yyz]: run
(12:52 / Allies) TIMG4STRok: to where
(12:56 / Allies) Rush[yyz]: need bear form
(13:16 / Allies) TIMG4STRok: let it go
(13:20 / Allies) Rush[yyz]: yea
(14:53 / All) GhostRidah.: fuckin gay ass tp
(14:58 / All) GhostRidah.: ofc alich doesnt tp
(16:08 / Allies) TIMG4STRok: grabbing tpo
(16:10 / Allies) TIMG4STRok: and heal
(16:11 / Allies) TIMG4STRok: nm
(16:13 / Allies) TIMG4STRok: just tp got no gold
(16:40 / Allies) TIMG4STRok: go
(17:35 / All) GhostRidah.: gay ass lucky newbs with all those crap happened to me
(17:38 / All) TIMG4STRok: lmao
(17:40 / All) TIMG4STRok: you stink